 Dungeon Crawl Stone Soup version 0.31.0-12-g77e489cdc1 (webtiles) character file.

Game seed: 12668754210172040587

2375 112233 the Thaumaturge (level 9, -1/51 HPs)
             Began as an Octopode Conjurer on Feb 14, 2024.
             Was an Initiate of Gozag.
             Slain by a two-headed ogre
             ... wielding a +0 dire flail
              (20 damage)
             ... on level 6 of the Dungeon.
             The game lasted 00:05:42 (7018 turns).

112233 the Thaumaturge (Octopode Conjurer)          Turns: 7018, Time: 00:05:43

Health: -1/51      AC:  1    Str:  7    XL:     9   Next: 45%
Magic:  11/23      EV: 13    Int: 24    God:    Gozag
Gold:   487        SH:  0    Dex: 10    Spells: 16/28 levels left

rFire   . . .        (no weapon)
rCold   . . .        (no shield)
rNeg    . . .        (helmet restricted)
rPois   .            (no amulet)
rElec   .            l - ring of see invisible
rCorr   .            q - ring of willpower
SInv    +            (no ring)
Will    +....        (no ring)
Stlth   +++          (no ring)
HPRegen 0.28/turn    (no ring)
MPRegen 0.18/turn    (no ring)
                     (no ring)

%: no passive effects
@: untranslocatable, immotile, very slightly contaminated
A: almost no armour, amphibious, 8 rings, camouflage 1, gelatinous body 1,
(nimble swimmer 1), tentacles
a: Renounce Religion, Potion Petition, Call Merchant, Bribe Branch


You were on level 6 of the Dungeon.
You worshipped Gozag.
Gozag was aware of your devotion.
You visited 1 branch of the dungeon, and saw 6 of its levels.

You collected 579 gold pieces.
You paid 92 gold pieces to Gozag.

Inventory:

Hand Weapons
 u - the +7 falchion "Osolawog" {freeze, rPois rF++ Int-5 Stlth+}
   (You found it on level 6 of the Dungeon)

   Int-5:     It affects your intelligence (-5).
   rF++:      It greatly protects you from fire.
   rPois:     It protects you from poison Stlth+: It makes you more stealthy.
Jewellery
 l - a ring of see invisible (left tentacle)
 q - a ring of willpower (right tentacle)
 r - a ring of protection from fire
Talismans
 f - a beast talisman
 j - a flux talisman
Wands
 c - a wand of flame (17)
Scrolls
 a - 4 scrolls of poison {unknown}
 b - 2 scrolls of immolation {unknown}
 h - 4 scrolls of enchant weapon {unknown}
 i - 3 scrolls of identify {unknown}
 k - 3 scrolls of teleportation {unknown}
 m - 2 scrolls of fear {unknown}
 n - 2 scrolls of noise {unknown}
 o - 3 scrolls of vulnerability {unknown}
Potions
 d - 2 potions of haste {unknown}
 e - 2 potions of curing
 g - 2 potions of heal wounds {unknown}
 p - a potion of brilliance {unknown}
 s - 4 potions of attraction {unknown}
 t - a potion of might {unknown}


   Skills:
 - Level 2.2 Dodging
 - Level 3.0 Stealth
 + Level 10.1 Spellcasting
 * Level 7.2 Conjurations


You had 16 spell levels left.
You knew the following spells:

 Your Spells              Type           Power      Damage    Failure   Level
a - Magic Dart            Conj           100%       1d8       1%          1
b - Searing Ray           Conj           92%        2d7       1%          2
c - Iskenderun's Mystic   Conj/Tloc      29%        2d7       12%         4
d - Fulminant Prism       Conj/Alch      14%        3d9       12%         4
e - Apportation           Tloc           24%        N/A       5%          1

Your spell library contained the following spells:

 Spells                   Type           Power      Damage    Failure   Level
 Sting                    Conj/Alch      100%       1d9       1%          1
 Necrotise                Necr           48%        1d6       5%          1
 Summon Small Mammal      Summ           48%        N/A       5%          1


Dungeon Overview and Level Annotations

Branches:
Dungeon (6/15)
 Temple: D:4-7

Altars:
Cheibriados
Elyvilon
Gozag
Nemelex Xobeh
Trog
Uskayaw

Shops:
D:2 (

Annotations:
D:5 1 runed translucent door, exclusion: downstairs, Crazy Yiuf


Innate Abilities, Weirdness & Mutations

You cannot wear most types of armour.
You are amphibious.
You can wear up to eight rings at the same time.
Your skin changes colour to match your surroundings (Stealth+).
Your rubbery body absorbs attacks. (AC +1, EV +1)
((You are camouflaged when in or above water. (Stealth+)))
You have tentacles for arms and can constrict up to eight enemies at once.


Message History

HP restored.
You start resting.
Magic restored.
You now have 487 gold pieces (gained 6).
Things that are here:
a +3 battleaxe; a +0 robe
There is a stone staircase leading up here.
There is a stone staircase leading down here.
You climb downwards.
The two-headed ogre shouts in stereo!
There is a stone staircase leading up here.
Unknown command.
Casting: Searing Ray (safe; 1% risk of failure)
Confirm with . or Enter, or press ? or * to list all spells.
Okay, then.
Unknown command.
Unknown command.
Casting: Iskenderun's Mystic Blast (quite dangerous; 12% risk of failure)
Confirm with . or Enter, or press ? or * to list all spells.
You erupt in a blast of force!
The mystic blast hits the two-headed ogre!
The two-headed ogre is lightly wounded.
The two-headed ogre closely misses you.
The two-headed ogre hits you with a +0 giant club!!
Unknown command.
Casting: Iskenderun's Mystic Blast (quite dangerous; 12% risk of failure)
Confirm with . or Enter, or press ? or * to list all spells.
You erupt in a blast of force!
The mystic blast hits the two-headed ogre!
The two-headed ogre is heavily wounded.
Unknown command.
Casting: Iskenderun's Mystic Blast (quite dangerous; 12% risk of failure)
Confirm with . or Enter, or press ? or * to list all spells.
You miscast Iskenderun's Mystic Blast.
You are very lightly contaminated with residual magic.
You feel a wrenching sensation.
You are magically locked in place.
The two-headed ogre hits you with a +0 dire flail!
The two-headed ogre hits you with a +0 giant club!!
You die...
Your body crumbles into a pile of gold.

##### .#..## .#...##
###...######## ### # ##...).....#
##.#### # #)..)##...## #..##.## #
#....##....###..##..### #
##....##...##@..##....### #
##...........O..#.>.....###
####.........................####
................................#
######..).........##.<....O......
#..............)............
#####...........................
#......)..........#..####.......
###...............###..# #.......


You could see a two-headed ogre.

Vanquished Creatures
  Grinder (D:4)
  Sigmund (D:3)
  A wyvern (D:4)
  The ghost of qwarkbark the Conjurer, an amateur DrCj (D:4)
  A water moccasin (D:6)
  2 orc warriors (D:6)
  A black bear (D:5)
  4 ogres
  2 centaurs
  3 phantoms
  2 scorpions
  2 wights
  A hound (D:6)
  2 jellies
  2 orc wizards (D:6)
  Ijyb (D:5)
  An iguana (D:5)
  4 gnolls
  6 adders
  2 white imps (D:6)
  6 ufetubi
  3 ribbon worms
  3 dart slugs
  8 orcs
  10 endoplasms
  3 giant cockroaches
  8 goblins
  4 hobgoblins
  5 jackals (D:1)
  6 quokkas
  13 ball pythons
  6 bats
  5 frilled lizards
  10 kobolds
  6 rats
136 creatures vanquished.

Vanquished Creatures (others)
  An angel (D:6)
1 creature vanquished.

Grand Total: 137 creatures vanquished

Notes
Turn   | Place    | Note
-------+----------+-------------------------------------------
     0 | D:1      | 112233 the Octopode Conjurer began the quest for the Orb.
     0 | D:1      | Reached XP level 1. HP: 11/11 MP: 3/3
   206 | D:1      | Reached XP level 2. HP: 17/17 MP: 0/5
   719 | D:1      | Reached XP level 3. HP: 21/21 MP: 2/7
   982 | D:1      | Reached skill level 3 in Spellcasting
   994 | D:1      | Learned a level 2 spell: Searing Ray
  1721 | D:2      | Reached XP level 4. HP: 27/27 MP: 7/9
  2291 | D:2      | Found Ponwurat's Antique Weapon Boutique.
  2512 | D:3      | Reached skill level 4 in Spellcasting
  2825 | D:3      | Reached XP level 5. HP: 31/31 MP: 6/11
  2903 | D:3      | Found a sparkling altar of Nemelex Xobeh.
  2905 | D:3      | Found a hide-covered altar of Uskayaw.
  2910 | D:3      | Found a bloodstained altar of Trog.
  2975 | D:3      | Noticed Sigmund
  2988 | D:3      | Killed Sigmund
  2989 | D:3      | Reached skill level 5 in Spellcasting
  2989 | D:3      | Reached XP level 6. HP: 22/36 MP: 2/14
  3275 | D:4      | Found a runed translucent gate.
  3560 | D:4      | Reached skill level 6 in Spellcasting
  3609 | D:4      | Reached XP level 7. HP: 41/41 MP: 10/17
  3692 | D:4      | Found a runed translucent gate.
  3692 | D:4      | Found a runed translucent gate.
  3694 | D:4      | Found an opulent altar of Gozag.
  3694 | D:4      | Noticed a wyvern
  3697 | D:4      | Noticed qwarkbark's ghost (amateur DrCj)
  3742 | D:4      | Noticed Grinder
  3746 | D:4      | Paralysed by Grinder for 2 turns
  3758 | D:4      | Killed Grinder
  3759 | D:4      | Reached skill level 7 in Spellcasting
  4092 | D:4      | Reached skill level 8 in Spellcasting
  4190 | D:4      | Reached XP level 8. HP: 46/46 MP: 6/20
  4568 | D:4      | Killed a wyvern
  4574 | D:4      | Reached skill level 9 in Spellcasting
  4574 | D:4      | Killed qwarkbark's ghost
  4700 | D:4      | Became a worshipper of Gozag Ym Sagoz the Greedy
  4719 | D:5      | Entered Level 5 of the Dungeon
  5048 | D:5      | Reached skill level 5 in Conjurations
  5103 | D:5      | Noticed Ijyb
  5121 | D:5      | Killed Ijyb
  5419 | D:5      | Found a runed translucent door.
  5420 | D:5      | Noticed Crazy Yiuf
  5448 | D:5      | Found a snail-covered altar of Cheibriados.
  5478 | D:5      | Reached XP level 9. HP: 40/51 MP: 11/22
  5561 | D:5      | Found a white marble altar of Elyvilon.
  5937 | D:6      | Identified the +7 falchion "Osolawog" {freeze, rPois rF++
                  | Int-5 Stlth+}
  6398 | D:6      | Reached skill level 10 in Spellcasting
  6806 | D:6      | Killed an angel
  6807 | D:6      | Noticed a two-headed ogre
  6838 | D:5      | Learned a level 4 spell: Iskenderun's Mystic Blast
  6843 | D:5      | Learned a level 4 spell: Fulminant Prism
  6845 | D:5      | Learned a level 1 spell: Apportation
  7018 | D:6      | Slain by a two-headed ogre

Illustrated notes

Levels and vault maps discovered:
D:1:      dpeg_arrival_fog, layout_basic, minmay_pentomino_p4
D:2:      layout_rooms, serial_shops, nicolae_shop_behind_doors,
          minmay_pentomino_pile
D:3:      layout_rooms, grunt_temple_overflow_diamond, uniq_sigmund
D:4:      layout_basic, ebering_ghost_gozag, uniq_grinder
D:5:      layout_rooms, lemuel_crystal_altar, mainiacjoe_overflow_24_doors,
          uniq_ijyb, uniq_crazy_yiuf_cottage
D:6:      layout_layer_cave, grunt_temple_overflow_order_and_chaos_1

Skill      XL: |  1  2  3  4  5  6  7  8  9 |
---------------+----------------------------+-----
Stealth        | 3 |  3.0
Spellcasting   | 3 4 5 6 8 9 10 | 10.1
Conjurations   | 5 7 |  7.2
Dodging        | |  2.2

Action                     |  1- 3 |  4- 6 |  7- 9 || total
---------------------------+-------+-------+-------++-------
  Melee: Unarmed           |    10 |       |       ||    10
         Constrict         |     3 |       |       ||     3
   Cast: Magic Dart        |    79 |    90 |    74 ||   243
         Searing Ray       |       |     7 |    50 ||    57
         Iskenderun's Myst |       |       |     6 ||     6
    Use: Potion            |       |       |     5 ||     5
 Armour: Skin              |     5 |     8 |    60 ||    73
  Dodge: Dodged            |    12 |     3 |    49 ||    64
